 Dungeon Crawl Stone Soup version 0.29.1-14-g9c671dbff4 (webtiles) character file.

Game seed: 7648572866273702953

53 DemonSlayer the Digger (level 3, 0/24 HPs)
             Began as a Demonspawn Earth Elementalist on Feb 18, 2023.
             Slain by a hound (3 damage)
             ... on level 6 of the Dungeon.
             The game lasted 00:03:31 (1816 turns).

DemonSlayer the Digger (DsEE)                       Turns: 1816, Time: 00:03:32

Health: 0/24       AC:  2    Str:  8    XL:     3   Next: 62%
Magic:  2/6        EV: 12    Int: 18    God:
Gold:   109        SH:  0    Dex: 13    Spells: 3/7 levels left

rFire   . . .      SeeInvis .   (no weapon)
rCold   . . .      Faith    .   (no shield)
rNeg    . . .      Spirit   .   a - +0 robe
rPois   .          Reflect  .   (no helmet)
rElec   .          Harm     .   (no cloak)
rCorr   .          Rampage  .   (no gloves)
Will    +....                   (no boots)
Stlth   ++........              (no amulet)
HPRegen 0.08/turn               d - ring of willpower
MPRegen 0.10/turn               (no ring)

@: lethally poisoned (0 -> -4), very slightly contaminated
A: claws 1, foul stench 1
a: no special abilities


You were on level 6 of the Dungeon.
You visited 1 branch of the dungeon, and saw 4 of its levels.

You collected 109 gold pieces.

Inventory:

Armour
 a - a +0 robe (worn)
Jewellery
 d - a ring of willpower (left claw)
Scrolls
 g - a scroll of enchant armour
Potions
 c - 3 potions of curing {unknown}
 e - a potion of haste {unknown}
 f - a potion of magic
 h - a potion of might {unknown}
 i - a potion of flight {unknown}


   Skills:
 + Level 2.0 Dodging
 + Level 2.0 Stealth
 + Level 2.6 Spellcasting
 + Level 0.8 Transmutations
 + Level 3.5 Earth Magic


You had 3 spell levels left.
You knew the following spells:

 Your Spells              Type           Power      Damage    Failure   Level
a - Sandblast             Erth           30%        2d9       4%          1
b - Stone Arrow           Conj/Erth      16%        3d8       24%         3

Your spell library contained the following spells:

 Spells                   Type           Power      Damage    Failure   Level
 Passwall                 Tmut/Erth      8%         N/A       11%         2
 Petrify                  Tmut/Erth      10%        N/A       56%         4


Dungeon Overview and Level Annotations

Branches:
Dungeon (3/15)

Altars:


Innate Abilities, Weirdness & Mutations

You have sharp fingernails.
You may rarely emit foul miasma when damaged in melee.


Message History

A hound comes into view.
The hound barks!
The adder closely misses you.
As you read the scroll labelled EPOGYCK QEHIMA, it crumbles to dust.
It is a scroll of identify.
g - a scroll of enchant armour The adder bites you.
Okay, then.
The blast of sand hits the hound.
The hound is moderately wounded.
The adder bites you. The hound bites you. The adder barely misses you.
The hound stops to sniff the ground.
The hound bites you but does no damage.
You miscast Sandblast.
You are very lightly contaminated with residual magic.
Nothing appears to happen.
The adder barely misses you. The hound bites you. The adder bites you.
The blast of sand hits the hound.
The hound is severely wounded.
The hound bites you. The hound misses you. The ogre closely misses you.
The adder bites you but does no damage. The hound bites you but does no damage.
The adder bites you.
You are poisoned.
The adder poisons you!
You are too injured to fight recklessly!
Casting: Sandblast (safe; 4% risk of failure)
Confirm with . or Enter, or press ? or * to list all spells.
Aiming: Sandblast (safe; 4% risk of failure)
Press: ? - help, Shift-Dir - straight line, f - ogre, p - hound
Aim: an ogre, wielding a +0 giant club (91% to hit)
The blast of sand hits the ogre!
The ogre is moderately wounded.
You feel sick. The hound closely misses you.
The ogre hits you with a +0 giant club.
* * * LOW HITPOINT WARNING * * *
The adder barely misses you. The hound closely misses you.
The adder bites you but does no damage.
* * * LOW HITPOINT WARNING * * *
You feel sick. The hound bites you.
You die...

##.## ..## #... Y..#
#..# #..# #..#####..#.#
#...........#
#..#####.......
##.#######..#####..##.##
.......h.S......#..# .#
#.....@.O..#.......
#########...........
#.######..##. #.. ...#
## ####


You could see an ogre, a hound and an adder.

Vanquished Creatures
  An adder (D:2)
  2 worms (D:2)
  4 endoplasms
  3 giant cockroaches
  4 goblins (D:2)
  4 hobgoblins
  3 jackals (D:1)
  A quokka (D:1)
  A ball python (D:1)
  3 bats (D:1)
  3 kobolds
  6 rats
35 creatures vanquished.

Notes
Turn   | Place    | Note
-------+----------+-------------------------------------------
     0 | D:1      | DemonSlayer the Demonspawn Earth Elementalist began the
                  | quest for the Orb.
     0 | D:1      | Reached XP level 1. HP: 13/13 MP: 3/3
   270 | D:1      | Gained mutation: You may rarely emit foul miasma when
                  | damaged in melee. [demonic ancestry]
   270 | D:1      | Reached XP level 2. HP: 19/19 MP: 1/5
   421 | D:1      | Reached skill level 3 in Earth Magic
  1119 | D:2      | Gained mutation: You have sharp fingernails. [demonic
                  | ancestry]
  1119 | D:2      | Reached XP level 3. HP: 24/24 MP: 0/6
  1182 | D:2      | Found a faded altar of an unknown god.
  1771 | D:2      | Learned a level 3 spell: Stone Arrow
  1795 | D:3      | You fall into a shaft and drop 3 floors!
  1798 | D:6      | Noticed an ice beast
  1806 | D:6      | Noticed an ogre
  1816 | D:6      | Slain by a hound

Illustrated notes

Levels and vault maps discovered:
D:1:      dpeg_arrival_pond, layout_basic, minmay_tall_x
D:2:      layout_basic, chequers_ecumenical_altar_island
D:3:      layout_basic, uniq_jessica, uniq_crazy_yiuf_cottage, uniq_natasha,
          uniq_sigmund
D:6:      layout_loops_ring, dreamdust_divine_triumvirate,
          lemuel_mausoleum_altar_yredelemnul, nicolae_overflow_crystal_walls,
          old_standard_altar, minmay_temple_entry_offerings

Skill      XL: |  1  2 |
---------------+-------+-----
Stealth        | 2 |  2.0
Earth Magic    | 3 |  3.5
Dodging        | 2 |  2.0
Spellcasting   | |  2.6
Transmutations | |  0.8

Action                   || total
-------------------------++-------
Melee: Unarmed           ||     1
 Cast: Sandblast         ||    56
  Use: Potion            ||     1
       Scroll            ||     1
Armor: Robe              ||     6
Dodge: Dodged            ||    24
